 Dungeon Crawl Stone Soup version 0.22.1-2-g9c5b331 (webtiles) character file.

11 tidbits the Caller (level 2, 4/20 HPs)
             Began as a Gnoll Summoner on Dec 5, 2018.
             Quit the game on level 4 of the Dungeon.
             The game lasted 00:03:28 (247 turns).

tidbits the Caller (Gnoll Summoner)                  Turns: 247, Time: 00:03:29

Health: 4/20       AC:  3    Str: 10    XL:     2   Next: 29%
Magic:  2/7        EV: 14    Int: 17    God:
Gold:   10         SH:  0    Dex: 15    Spells: 7/10 levels left

rFire    . . .     SeeInvis .   a - +0 dagger
rCold    . . .     Gourm    .   (no shield)
rNeg     . . .     Faith    .   d - +0 robe
rPois    .         Spirit   .   (no helmet)
rElec    .         Reflect  .   (no cloak)
rCorr    .         Harm     .   (no gloves)
MR       .....                  F - +0 pair of boots
Stlth    +++.......             (no amulet)
HPRegen  0.06/turn              (no ring)
MPRegen  0.10/turn              (no ring)

@: no status effects
A: distributed training, fangs 1, strong nose
a: no special abilities


You were on level 4 of the Dungeon.
You were not hungry.

You visited 1 branch of the dungeon, and saw 4 of its levels.

You collected 23 gold pieces.
You spent 13 gold pieces at shops.

Inventory:

Hand Weapons
 a - a +0 dagger (weapon)
 g - a +0 club
 i - a +0 short sword
Missiles
 h - 3 needles of confusion
Armour
 d - a +0 robe (worn)
 F - a +0 pair of boots (worn)
Scrolls
 b - a scroll of enchant weapon
 e - a scroll of identify
 f - a scroll of amnesia
Comestibles
 c - a ration


   Skills:
 + Level 0.3 Fighting
 + Level 0.3 Short Blades
 + Level 0.3 Long Blades
 + Level 0.3 Axes
 + Level 0.3 Maces & Flails
 + Level 0.3 Polearms
 + Level 0.3 Staves
 + Level 0.3 Slings
 + Level 0.3 Bows
 + Level 0.3 Crossbows
 + Level 0.3 Throwing
 + Level 0.3 Armour
 + Level 4.4 Dodging
 + Level 4.0 Stealth
 + Level 0.3 Shields
 + Level 0.3 Unarmed Combat
 + Level 4.9 Spellcasting
 + Level 0.2 Conjurations
 + Level 0.2 Hexes
 + Level 0.2 Charms
 + Level 7.0 Summonings
 + Level 0.2 Necromancy
 + Level 0.2 Translocations
 + Level 0.2 Transmutations
 + Level 0.2 Fire Magic
 + Level 0.2 Ice Magic
 + Level 0.2 Air Magic
 + Level 0.2 Earth Magic
 + Level 0.2 Poison Magic
 + Level 0.4 Invocations
 + Level 0.3 Evocations


You had 7 spell levels left.
You knew the following spells:

 Your Spells              Type           Power        Failure   Level  Hunger
a - Summon Small Mammal   Summ           ####         1%          1    None
i - Call Imp              Summ           ####....     1%          2    #......

Your spell library contained the following spells:

 Spells                   Type           Power        Failure   Level  Hunger
 Call Canine Familiar     Summ           ####....     2%          3    ###....
 Summon Guardian Golem    Hex/Summ       ###.....     10%         3    ###....
 Summon Ice Beast         Ice/Summ       ###.....     32%         4    ####...
 Summon Lightning Spire   Summ/Air       ###.....     32%         4    ####...


Dungeon Overview and Level Annotations

Branches:
Dungeon (4/15)
 Temple: D:4-7

Altars:

Shops:
D:4 %[!=


Innate Abilities, Weirdness & Mutations

Your experience applies equally to all skills.
You have very sharp teeth.
Your uncanny sense of smell can sniff out nearby items.


Message History

There is an entrance to Goschu's Jewellery Emporium here.
You can access your shopping list by pressing '$'.
Unknown command.
Found 20 stones.
There is an entrance to Poatagh's Distillery here.
Unknown command.
j - a potion of degeneration {!q} Thank you for shopping at Poatagh's Distillery!
You can access your shopping list by pressing '$'.
Found two stone staircases leading up.
You see here a pair of boots.
k - a pair of boots Wear which item? (? for menu, Esc to quit)
You start putting on your armour.
You continue putting on your pair of boots. x4
You finish putting on your +0 pair of boots.
Adjust (i)tems, (s)pells, or (a)bilities?
Adjust which item? (? for menu, Esc to quit)
k - a +0 pair of boots (worn)
Adjust to which letter? (? for menu, Esc to quit)
F - a +0 pair of boots (worn)
Found a stone staircase leading down.
There is an entrance to Zidaas's Food Emporium here.
Drop what? 11/52 slots (_ for help) (? for menu, Esc to quit)
You drop a potion of degeneration {!q}.
A gnoll comes into view. It is wielding a flail.
The gnoll shouts!
Unknown command.
Casting: Summon Small Mammal (safe; 1% risk of failure)
Confirm with . or Enter, or press ? or * to list all spells.
A gnoll comes into view. It is wielding a spear.
Casting: Summon Small Mammal (safe; 1% risk of failure)
Confirm with . or Enter, or press ? or * to list all spells.
Your quokka barely misses the gnoll.
The gnoll hits your quokka with a flail.
Your quokka barely misses the gnoll.
Casting: Summon Small Mammal (safe; 1% risk of failure)
Confirm with . or Enter, or press ? or * to list all spells.
A gnoll comes into view. It is wielding a flail.
Your quokka barely misses the gnoll.
The gnoll barely misses your quokka.
Your quokka bites the gnoll.
Your quokka closely misses the gnoll.
Your quokka bites the gnoll.
The gnoll barely misses your quokka.
Your quokka misses the gnoll.
Casting: Summon Small Mammal (safe; 1% risk of failure)
Confirm with . or Enter, or press ? or * to list all spells.
The gnoll hits your quokka with a spear!
Your quokka dies!
Your quokka's corpse disappears in a puff of smoke!
Your quokka barely misses the gnoll.
The gnoll barely misses your quokka.
Your quokka bites the gnoll.
The gnoll hits your rat with a spear. The gnoll barely misses your quokka.
The gnoll closely misses your quokka.
Unknown command.
Casting: Summon Small Mammal (safe; 1% risk of failure)
Confirm with . or Enter, or press ? or * to list all spells.
Your quokka barely misses the gnoll.
The gnoll barely misses your rat.
Your rat closely misses the gnoll.
Your quokka bites the gnoll.
Your bat hits the gnoll but does no damage.
Your bat hits the gnoll but does no damage.
The gnoll misses your quokka. The gnoll barely misses your quokka.
Your rat closely misses the gnoll.
Your quokka barely misses the gnoll.
Your quokka bites the gnoll but does no damage.
Unknown command.
Casting: Summon Small Mammal (safe; 1% risk of failure)
Confirm with . or Enter, or press ? or * to list all spells.
Your quokka disappears in a puff of smoke!
Your bat hits the gnoll but does no damage.
Your rat closely misses the gnoll.
The gnoll hits your quokka with a flail!
Your quokka dies!
Your quokka's corpse disappears in a puff of smoke!
The gnoll hits your bat with a flail!
Your bat dies!
Your bat's corpse disappears in a puff of smoke!
The gnoll shouts!
Your rat barely misses the gnoll.
The gnoll hits you from afar with a spear!
* * * LOW HITPOINT WARNING * * *
The gnoll closely misses your rat. The gnoll hits your rat with a flail!
Your rat dies!
Your rat's corpse disappears in a puff of smoke!
Your rat barely misses the gnoll.
Unknown command.
Unknown command.
You aren't carrying any potions.
Unknown command.
Unknown command.
Your rat barely misses the gnoll.
Unknown command.
Unknown command.
As you read the scroll labeled ZIPRIE QUAMEI, it crumbles to dust.
It is a scroll of amnesia.
Okay, then.
The gnoll closely misses you. The gnoll hits your rat with a flail!
Your rat dies!
Your rat's corpse disappears in a puff of smoke!
As you read the scroll labeled WIDDAS SICYSCH, it crumbles to dust.
It is a scroll of identify.
b - a scroll of enchant weapon The gnoll completely misses you.
Are you sure you want to abandon this character and quit the game? (Confirm

#.#..........#
##.#.♣.♣.♣.♣..#
##....!⌠.∩.⌠...#
##.....♣.♣.♣^♣..#
##.<.....∩...∩...#
#.><§§g.♣.♣.♣.♣..#
#....gg..⌠.∩.⌠...#
#.......♣.♣.♣.♣..#
##....@............
##.....##.##......#
##...###.######..#
##### #.# ... #(.
##


You could see 3 gnolls.

Vanquished Creatures
  A bat (D:3)
  A rat (D:2)
2 creatures vanquished.

Vanquished Creatures (collateral kills)
  An adder (D:3)
  A leopard gecko (D:1)
  3 hobgoblins (D:1)
  A kobold (D:1)
6 creatures vanquished.

Grand Total: 8 creatures vanquished

Notes
Turn   | Place    | Note
-------+----------+-------------------------------------------
     0 | D:1      | tidbits the Gnoll Summoner began the quest for the Orb.
     0 | D:1      | Reached XP level 1. HP: 13/13 MP: 6/6
   145 | D:3      | Reached XP level 2. HP: 7/20 MP: 5/7
   149 | D:3      | Learned a level 2 spell: Call Imp
   206 | D:4      | Found Kazomuas's Armour Emporium.
   206 | D:4      | Found Goschu's Jewellery Emporium.
   206 | D:4      | Found Zidaas's Food Emporium.
   206 | D:4      | Found Poatagh's Distillery.
   218 | D:4      | Bought a potion of degeneration for 13 gold pieces
   243 | D:4      | HP: 4/20 [gnoll/spear (9)]
   247 | D:4      | Quit the game

Action                   || total
-------------------------++-------
Melee: Short sword       ||     8
       Unarmed           ||     5
       Club              ||     4
       Dagger            ||     1
 Cast: Summon Small Mamm ||    15
  Use: Scroll            ||     2
 Stab: Sleeping          ||     2
Armor: Robe              ||     1
Dodge: Dodged            ||    17

Table legend:
 A = Turns spent in this place as a percentage of turns spent in the entire game.
 B = Non-inter-level travel turns spent in this place as a percentage of non-inter-level travel turns spent in the entire game.
 C = Inter-level travel turns spent in this place as a percentage of turns spent in this place.
 D = Turns resting spent in this place as a percentage of non-inter-level travel turns spent in this place.
 E = Turns spent auto-exploring this place as a percentage of non-inter-level travel turns spent in this place.
 F = Non-inter-level travel turns spent in this place divided by the number of levels of this place that you've seen.
                   A       B       C       D       E      F
               +-------+-------+-------+-------+-------+----------------------
         Total | 100.0 | 100.0 |   0.0 |   0.0 |   0.0 |  61.8
       Dungeon | 100.0 | 100.0 |   0.0 |   0.0 |   0.0 |  61.8
               +-------+-------+-------+-------+-------+----------------------

Table legend:
 A = Kills in this place as a percentage of kills in entire the game.
 B = Kills by you in this place as a percentage of kills by you in the entire game.
 C = Kills by friends in this place as a percentage of kills by friends in the entire game.
 D = Other kills in this place as a percentage of other kills in the entire game.
 E = Experience gained in this place as a percentage of experience gained in the entire game.
 F = Experience gained in this place divided by the number of levels of this place that you have seen.
                   A       B       C       D       E      F
               +-------+-------+-------+-------+-------+----------------------
         Total | 100.0 | 100.0 | 100.0 |   N/A | 100.0 |   4.2
       Dungeon | 100.0 | 100.0 | 100.0 |   N/A | 100.0 |   4.2
               +-------+-------+-------+-------+-------+----------------------

Vault maps used:
D:1:      scummos_arrival_gate, minmay_misc_feat_tiny
D:2:      minmay_cupped, uniq_jessica, uniq_sigmund
D:3:      elyvilon_altar_4
D:4:      serial_forest, infiniplex_forest_lined_room_2,
          infiniplex_forest_lined_ring, infiniplex_forest_lined_1,
          infiniplex_forest_straight_2, infiniplex_forest_end_2,
          infiniplex_forest_clump_curved, minmay_shop_grid_forest, uniq_natasha
